[Event "IND-ch Women 2019"]
[Site "Karaikkudi"]
[Date "2019.07.23"]
[Round "7.8"]
[White "Vijayalakshmi, Subbaraman"]
[Black "Potluri Saye Srreezza"]
[Result "0-1"]
[ECO "D36"]
[WhiteElo "2357"]
[BlackElo "1999"]
[Annotator "ChessBase"]
[PlyCount "142"]
[EventDate "2019.07.19"]
[EventType "swiss"]
[EventCountry "IND"]
[SourceTitle "playchess.com"]
[Source "ChessBase"]
[SourceQuality "1"]
[TimeControl "40/5400+30:1800+30"]

1. Nf3 d5 2. d4 Nf6 3. c4 e6 4. Nc3 c6 5. cxd5 exd5 6. Qc2 Be7 7. Bg5 O-O 8. e3 Nbd7 9. Bd3 Re8 10. O-O Nf8 11. Rab1 g6 12. b4 a6 13. a4 Ne6 14. Bh4 Ng7 15. b5 axb5 16. axb5 Bf5 17. bxc6 bxc6 18. Ne5 Bxd3 19. Qxd3 Rc8 20. Qa6 Nd7 21. Bxe7 Rxe7 22. Nxd7 Qxd7 23. Na4 Qe8 24. Nc5 Ne6 25. Rfc1 Nxc5 26. Rxc5 Rec7 27. h3 Qe6 28. Rb7 Qd7 29. Rxc7 Qxc7 30. g3 Qd7 31. h4 h5 32. Qa4 Qe6 33. Qc2 Kg7 34. Kh2 Kg8 35. Ra5 Rd8 36. Ra6 Rc8 37. Kg1 Qd7 38. Qc5 Qe6 39. Qb6 Qf5 40. Qb7 Qe6 41. Kf1 Qh3+ 42. Ke1 Qe6 43. Ra8 Rxa8 44. Qxa8+ Kg7 45. Qd8 Qf5 46. Qb8 Qe6 47. Qc7 Kg8 48. Qb8+ Kg7 49. Qb2 Kg8 50. Qc2 Qd7 51. Kd2 Qb7 52. Qc5 Qb2+ 53. Ke1 Qb1+ 54. Ke2 Qb2+ 55. Kf3 Qb7 56. Qd6 Qc8 57. Qf4 Qe8 58. Qf6 Qe4+ 59. Ke2 Qc2+ 60. Kf1 Qb1+ 61. Kg2 Qe4+ 62. Kh2 Qc2 63. Qf4 Kg7 64. Qe5+ Kh7 65. Qf6 Kg8 66. g4 hxg4 67. Kg3 Qe2 68. h5 gxh5 69. Kh4 Qc2 70. Kxh5 g3 71. Qg5+ Qg6+ 0-1

[Event "IND-ch Women 2019"]
[Site "Karaikkudi"]
[Date "2019.07.23"]
[Round "7.9"]
[White "Kiran, Manisha Mohanty"]
[Black "Mahalakshmi D M"]
[Result "1-0"]
[ECO "B12"]
[WhiteElo "2054"]
[BlackElo "2227"]
[Annotator "ChessBase"]
[PlyCount "73"]
[EventDate "2019.07.19"]
[EventType "swiss"]
[EventCountry "IND"]
[SourceTitle "playchess.com"]
[Source "ChessBase"]
[SourceQuality "1"]
[TimeControl "40/5400+30:1800+30"]

1. e4 c6 2. d4 d5 3. e5 c5 4. dxc5 Nc6 5. Nf3 e6 6. a3 Qc7 7. Bb5 Bxc5 8. O-O Nge7 9. b4 Bb6 10. Bb2 Ng6 11. c4 dxc4 12. Nbd2 O-O 13. Nxc4 Bd7 14. Rc1 Rad8 15. Ba4 Qb8 16. Nxb6 axb6 17. Bc2 Nce7 18. Qe2 Bc6 19. b5 Bd5 20. Rfe1 Nf5 21. g3 Rd7 22. h4 Rfd8 23. h5 Nge7 24. Be4 Nh6 25. Ng5 g6 26. Kg2 Rc7 27. hxg6 hxg6 28. Rh1 Kg7 29. Qf3 Bxe4 30. Nxe4 Neg8 31. Qf4 Nf5 32. g4 Nd4 33. Ng5 Ne2 34. Rh7+ Kf8 35. Rxf7+ Ke8 36. Rf8+ Kd7 37. Qf7+ 1-0

[Event "IND-ch Women 2019"]
[Site "Karaikkudi"]
[Date "2019.07.23"]
[Round "7.10"]
[White "Ramaswamy, Aarthie"]
[Black "Mohota, Nisha"]
[Result "1/2-1/2"]
[ECO "C87"]
[WhiteElo "2020"]
[BlackElo "2221"]
[Annotator "ChessBase"]
[PlyCount "60"]
[EventDate "2019.07.19"]
[EventType "swiss"]
[EventCountry "IND"]
[SourceTitle "playchess.com"]
[Source "ChessBase"]
[SourceQuality "1"]
[TimeControl "40/5400+30:1800+30"]

1. e4 e5 2. Nf3 Nc6 3. Bb5 a6 4. Ba4 Nf6 5. O-O Be7 6. d3 d6 7. c3 O-O 8. Re1 Re8 9. Nbd2 Bf8 10. h3 b5 11. Bc2 d5 12. a4 b4 13. a5 dxe4 14. dxe4 bxc3 15. bxc3 h6 16. Nc4 Qxd1 17. Rxd1 Bb7 18. Rb1 Rab8 19. Be3 Ba8 20. Nfd2 Rxb1 21. Rxb1 Nd7 22. Nb3 Ncb8 23. Bd3 Bc6 24. Ncd2 Bb5 25. Bxb5 axb5 26. c4 b4 27. Nf3 Na6 28. Ne1 Nf6 29. f3 Rd8 30. Kf2 c5 1/2-1/2

[Event "IND-ch Women 2019"]
[Site "Karaikkudi"]
[Date "2019.07.23"]
[Round "7.11"]
[White "Priyanka, Kumari"]
[Black "Meghna, C H"]
[Result "1-0"]
[ECO "C01"]
[WhiteElo "1991"]
[BlackElo "1903"]
[Annotator "NA"]
[PlyCount "115"]
[EventDate "2019.07.19"]
[EventType "swiss"]
[EventCountry "IND"]
[SourceTitle "playchess.com"]
[Source "ChessBase"]
[SourceQuality "1"]
[TimeControl "40/5400+30:1800+30"]

1. e4 e6 2. d4 d5 3. Nc3 Bb4 4. exd5 exd5 5. Bd3 Nf6 6. Nge2 c6 7. O-O O-O 8. Ng3 {[%emt 0:02:11] C01: French: Exchange Variation} (8. Bg5 h6 9. Bh4 Re8 10. f3 Nbd7 11. Qd2 Nf8 12. Rae1 Bd6 13. Bg3 Ng6 14. Bxd6 Qxd6 15. Bxg6 fxg6 {1-0 (39) Aronian,L (2767)-Caruana,F (2822) chess.com INT 2018}) 8... Bg4 9. f3 Be6 10. Nce2 Qb6 $146 ({Predecessor:} 10... Bd6 11. c3 Qc7 12. Bc2 Nbd7 13. Bg5 h6 14. Be3 Rfe8 15. Qd2 b6 {0-1 (39) Vasiesiu,D (2379)-Yugina,M (2124) Cap Aurora 2018}) 11. c3 Bd6 12. Bg5 Nbd7 13. Qd2 h6 14. Be3 Qc7 15. f4 (15. Nf4 $14) 15... Bg4 16. h3 Bxe2 17. Qxe2 Rfe8 18. Qf3 c5 19. Nf5 Bf8 20. dxc5 Nxc5 21. Bd4 Re6 22. Rad1 Nxd3 23. Qxd3 Rd8 24. Rf3 Ne4 25. Rdf1 Qd7 26. Ng3 f6 27. f5 Ree8 28. Nxe4 Rxe4 29. Re3 Rxe3 30. Bxe3 b6 31. Rd1 Bc5 32. g4 Qe7 33. Kf2 Qe5 34. Bxc5 bxc5 35. Qg3 d4 36. Qxe5 fxe5 37. Kf3 Kf7 38. Ke4 Kf6 39. h4 dxc3 40. g5+ hxg5 41. hxg5+ (41. Rxd8 $2 {loses.} c2 $19) 41... Kxg5 42. Rg1+ Kf6 43. bxc3 Rd2 44. Rg6+ Kf7 45. Ra6 Re2+ 46. Kd5 Rc2 (46... e4 $11 {remains equal.}) 47. Kxe5 Rxc3 48. Rxa7+ Kf8 49. a4 Rc1 $18 (49... c4 $14) 50. Ra8+ Kf7 51. Ra7+ Kf8 52. a5 c4 53. Kd4 c3 54. Kd3 c2 55. a6 Rf1 56. Kxc2 Rxf5 57. Rb7 g5 58. a7 1-0

[Event "IND-ch Women 2019"]
[Site "Karaikkudi"]
[Date "2019.07.23"]
[Round "7.12"]
[White "Sharma Isha"]
[Black "Bakshi, Rutuja"]
[Result "1/2-1/2"]
[ECO "C00"]
[WhiteElo "2188"]
[BlackElo "1958"]
[Annotator "ChessBase"]
[PlyCount "108"]
[EventDate "2019.07.19"]
[EventType "swiss"]
[EventCountry "IND"]
[SourceTitle "playchess.com"]
[Source "ChessBase"]
[SourceQuality "1"]
[TimeControl "40/5400+30:1800+30"]

1. e4 e6 2. d3 d5 3. Nd2 c5 4. g3 Nc6 5. Bg2 Nf6 6. Ngf3 b6 7. O-O Bb7 8. Re1 Be7 9. e5 Nd7 10. Nf1 Qc7 11. Qe2 O-O-O 12. c3 h6 13. d4 g5 14. h3 Rdg8 15. Bd2 Kb8 16. g4 h5 17. Ng3 hxg4 18. hxg4 Qc8 19. b3 c4 20. Qd1 Na5 21. Bf1 Nf8 22. b4 Nc6 23. a4 Qd8 24. Nh5 Ng6 25. Nh2 Qf8 26. Bg2 Qh6 27. Qc1 Nh4 28. Bh1 Qg6 29. Qb1 Rh6 30. Qxg6 Rhxg6 31. a5 b5 32. Rad1 Kc7 33. f3 Nb8 34. Re2 Nd7 35. Nf1 Bc8 36. Rh2 f6 37. exf6 Nxf6 38. Nxf6 Rxf6 39. Kf2 Rf7 40. Ke2 Bd6 41. Rh3 Be7 42. Ng3 Bd7 43. Nh5 Rgf8 44. Be1 Ng6 45. Bg2 Bd6 46. Bd2 Be7 47. Be3 Nh4 48. Bh1 Ng6 49. Rh2 a6 50. Rf2 Bc6 51. Rff1 Kd7 52. Bg1 Bd6 53. Be3 Be7 54. Bg1 Bd6 1/2-1/2

[Event "IND-ch Women 2019"]
[Site "Karaikkudi"]
[Date "2019.07.23"]
[Round "7.13"]
[White "Bala Kannamma P"]
[Black "Parnali, S Dharia"]
[Result "1-0"]
[ECO "C07"]
[WhiteElo "2051"]
[BlackElo "2145"]
[Annotator "ChessBase"]
[PlyCount "101"]
[EventDate "2019.07.19"]
[EventType "swiss"]
[EventCountry "IND"]
[SourceTitle "playchess.com"]
[Source "ChessBase"]
[SourceQuality "1"]
[TimeControl "40/5400+30:1800+30"]

1. e4 e6 2. d4 d5 3. Nd2 c5 4. exd5 Qxd5 5. Ngf3 cxd4 6. Bc4 Qd6 7. O-O Nf6 8. Nb3 Nc6 9. Nbxd4 Nxd4 10. Nxd4 a6 11. c3 Qc7 12. Bd3 Bd6 13. h3 Bd7 14. Qe2 O-O 15. Bg5 Nd5 16. Qe4 f5 17. Qe2 e5 18. Bc4 exd4 19. Bxd5+ Kh8 20. Rfc1 Rae8 21. Qf3 dxc3 22. Rxc3 Qb6 23. Rb3 Qa5 24. Be3 b5 25. Rd3 Bb8 26. Bd2 Qc7 27. g3 f4 28. g4 Qe5 29. Bc3 Qe2 30. Qxe2 Rxe2 31. Bf3 Re7 32. Bb4 Rfe8 33. Bxe7 Rxe7 34. Rc1 g5 35. Rxd7 Rxd7 36. Rc8+ Kg7 37. Rxb8 Rd2 38. Rb7+ Kg8 39. Ra7 Rxb2 40. Bd5+ Kh8 41. Rxa6 b4 42. Kg2 Rd2 43. Bb3 Kg7 44. Rc6 Rd8 45. Rc4 Rb8 46. Rc7+ Kg6 47. Bc2+ Kf6 48. Rxh7 Rc8 49. Bb3 Rd8 50. Rh6+ Ke5 51. Rb6 {[%emt 0:00:00] Kd5} 1-0

[Event "IND-ch Women 2019"]
[Site "Karaikkudi"]
[Date "2019.07.23"]
[Round "7.14"]
[White "Saranya, J."]
[Black "Jain Nityata"]
[Result "0-1"]
[ECO "A07"]
[WhiteElo "2067"]
[BlackElo "2135"]
[Annotator "ChessBase"]
[PlyCount "52"]
[EventDate "2019.07.19"]
[EventType "swiss"]
[EventCountry "IND"]
[SourceTitle "playchess.com"]
[Source "ChessBase"]
[SourceQuality "1"]
[TimeControl "40/5400+30:1800+30"]

1. Nf3 Nf6 2. g3 g6 3. Bg2 Bg7 4. O-O O-O 5. d3 d5 6. Nbd2 Re8 7. e4 e5 8. exd5 Nxd5 9. a4 Nc6 10. Nc4 Nb6 11. Ne3 a5 12. Nd2 Be6 13. Ndc4 Nxc4 14. Nxc4 Bd5 15. f3 Nd4 16. Be3 Bc6 17. Qd2 b6 18. Bxd4 Qxd4+ 19. Qf2 Qd7 20. f4 e4 21. dxe4 Bd4 22. Ne3 Bxe4 23. Rfd1 Bxg2 24. c3 Bxe3 25. Rxd7 Bxf2+ 26. Kxf2 Be4 0-1

[Event "IND-ch Women 2019"]
[Site "Karaikkudi"]
[Date "2019.07.23"]
[Round "7.15"]
[White "Nanditha V"]
[Black "Thipsay, Bagyashree Sathe"]
[Result "0-1"]
[ECO "B12"]
[WhiteElo "1687"]
[BlackElo "2093"]
[Annotator "NA"]
[PlyCount "90"]
[EventDate "2019.07.19"]
[EventType "swiss"]
[EventCountry "IND"]
[SourceTitle "playchess.com"]
[Source "ChessBase"]
[SourceQuality "1"]
[TimeControl "40/5400+30:1800+30"]

1. e4 c6 2. d4 d5 3. e5 Bf5 4. Nf3 e6 5. Be2 Nd7 6. O-O Bg6 7. c3 Nh6 8. Nbd2 Be7 9. a4 Rc8 10. Nb3 Nf5 11. Bf4 O-O 12. a5 c5 13. a6 $11 b6 14. h3 c4 15. Nbd2 b5 16. b3 Nb8 17. bxc4 bxc4 18. Ra4 Rc6 19. Qa1 Rb6 20. Qa2 Qd7 21. g4 Nh6 22. Bg5 Rc8 23. Bxe7 Qxe7 24. Ra1 Rcc6 25. Bxc4 dxc4 26. Nxc4 Rxa6 27. g5 Rxa4 28. Qxa4 Ra6 29. Na5 Nf5 30. Rb1 Rb6 31. Rxb6 axb6 32. Nc4 Nd7 33. Qa8+ Qf8 34. Qb7 Qd8 35. Nd6 Ne7 36. c4 h6 37. Nd2 hxg5 38. N2e4 Bxe4 39. Nxe4 Nf5 40. c5 bxc5 41. dxc5 Nxe5 42. c6 Qd1+ 43. Kh2 Nf3+ 44. Kg2 N5h4+ 45. Kg3 Qg1# 0-1

[Event "IND-ch Women 2019"]
[Site "Karaikkudi"]
[Date "2019.07.23"]
[Round "7.16"]
[White "Mrudul Dehankar"]
[Black "Rindhiya V"]
[Result "1-0"]
[ECO "C99"]
[WhiteElo "2074"]
[BlackElo "1573"]
[Annotator "NA"]
[PlyCount "153"]
[EventDate "2019.07.19"]
[EventType "swiss"]
[EventCountry "IND"]
[SourceTitle "playchess.com"]
[Source "ChessBase"]
[SourceQuality "1"]
[TimeControl "40/5400+30:1800+30"]

1. e4 e5 2. Nf3 Nc6 3. Bb5 a6 4. Ba4 Nf6 5. O-O Be7 6. Re1 b5 7. Bb3 O-O 8. c3 d6 9. h3 Na5 10. Bc2 c5 11. d4 Qc7 12. Nbd2 cxd4 13. cxd4 Nc6 14. Nb3 a5 15. Be3 a4 16. Nbd2 Bd7 17. Rc1 Rfc8 $14 18. Nf1 Qa5 19. Ng3 Rc7 20. a3 Rac8 21. Bb1 Bf8 22. Ba2 Nxd4 23. Nxd4 Rxc1 24. Bxc1 exd4 25. Rf1 Qb6 26. Bg5 Be7 27. Nh5 Qd8 28. Ng3 h6 29. Bf4 Be6 30. Bb1 Qb6 31. Nf5 Bxf5 32. exf5 Qc5 33. Bd3 Nd5 34. Bd2 Bf6 35. Qg4 Nb6 36. Bxh6 Qe5 37. Bf4 Qc5 38. Rc1 Nc4 39. Bh6 Kf8 40. Bf4 Re8 41. Qh5 g6 42. Qh7 gxf5 43. Bh6+ Ke7 44. Re1+ Kd8 45. Rxe8+ Kxe8 46. Qg8+ Ke7 47. g4 fxg4 48. Bf8+ Kd7 49. Qxf7+ Kc6 50. Be4+ Kb6 51. Qxf6 gxh3 52. Qd8+ Qc7 53. Qxc7+ Kxc7 54. Bg7 Nxb2 55. Bd5 Nc4 56. Bxc4 bxc4 57. Bxd4 Kc6 58. f3 Kd5 59. Bc3 Kc5 60. f4 d5 61. f5 d4 62. f6 dxc3 63. f7 Kd4 64. f8=Q c2 65. Qf4+ Kc3 66. Qc1 Kb3 67. Kh2 Kc3 68. Kxh3 Kb3 69. Kg3 Kc3 70. Kf3 Kb3 71. Ke2 Kc3 72. Ke3 Kb3 73. Kd2 c3+ 74. Kd3 Ka2 75. Qxc2+ Ka1 76. Qxc3+ Kb1 77. Qb4+ 1-0

[Event "IND-ch Women 2019"]
[Site "Karaikkudi"]
[Date "2019.07.23"]
[Round "7.17"]
[White "Shah, Vishwa"]
[Black "Chitlange Sakshi"]
[Result "0-1"]
[ECO "B12"]
[WhiteElo "1734"]
[BlackElo "2168"]
[Annotator "ChessBase"]
[PlyCount "62"]
[EventDate "2019.07.19"]
[EventType "swiss"]
[EventCountry "IND"]
[SourceTitle "playchess.com"]
[Source "ChessBase"]
[SourceQuality "1"]
[TimeControl "40/5400+30:1800+30"]

1. e4 c6 2. d4 d5 3. e5 Bf5 4. Nf3 e6 5. Be2 Nd7 6. O-O h6 7. Nbd2 Ne7 8. Nb3 Qc7 9. a4 g5 10. a5 Bg7 11. Bd2 f6 12. exf6 Bxf6 13. c4 a6 14. Rc1 O-O-O 15. cxd5 Nxd5 16. Bc4 Kb8 17. Qe2 Ka7 18. Ne1 Qd6 19. Nd3 Bxd3 20. Qxd3 e5 21. Bxd5 Qxd5 22. Be3 Ka8 23. Rfd1 exd4 24. Bxd4 Bxd4 25. Nxd4 Rhe8 26. Nb3 Re1+ 27. Rxe1 Qxd3 28. Re3 Qd5 29. Rce1 Nc5 30. Nxc5 Qxc5 31. Re5 Qxe5 0-1

[Event "IND-ch Women 2019"]
[Site "Karaikkudi"]
[Date "2019.07.23"]
[Round "7.18"]
[White "Varshini, V."]
[Black "Sunyuktha C M N"]
[Result "1-0"]
[ECO "B92"]
[WhiteElo "2087"]
[BlackElo "1815"]
[Annotator "NA"]
[PlyCount "47"]
[EventDate "2019.07.19"]
[EventType "swiss"]
[EventCountry "IND"]
[SourceTitle "playchess.com"]
[Source "ChessBase"]
[SourceQuality "1"]
[TimeControl "40/5400+30:1800+30"]

1. e4 c5 2. Nf3 d6 3. d4 cxd4 4. Nxd4 Nf6 5. Nc3 a6 6. Be2 e5 7. Nb3 Be7 8. O-O O-O 9. f4 Nbd7 10. a4 exf4 11. Bxf4 Ne5 12. Kh1 Be6 13. Nd4 {[%emt 0:02:40] B92: Sicilian Najdorf: 6 Be2} Qa5 (13... Rc8 14. Nxe6 fxe6 15. Qb1 Rc6 16. Qa2 Qc8 17. Qb3 Kh8 18. Rad1 Re8 19. Bd3 Bd8 {½-½ (50) Schaefer,M (2375)-Nielsen,P (2651) Baden-Baden 2007}) 14. Qd2 $146 ({Predecessor:} 14. Nf5 Bxf5 15. exf5 Rfd8 16. Bd2 Qc7 17. a5 Nc4 18. Bxc4 Qxc4 19. Be3 d5 20. Na4 Qe4 {1-0 (30) Boulahfa,H (2000)-Bijlsma,N (1869) Maastricht 2008}) 14... Rfc8 15. Rad1 (15. Nd5 $5 Qd8 16. Nxe6 (16. Nxe7+ Qxe7 17. Bd3 Qc7 $11) 16... fxe6 17. Nxf6+ Bxf6 18. Rad1 $14) 15... Qb6 16. Qc1 Nc4 17. b3 Na5 $2 {[%emt 0:01:42] [#]} (17... Ne5 $11 {and Black stays safe.} 18. Nd5 (18. Nxe6 Rxc3 19. Nd4 Nxe4 $11) 18... Bxd5 19. exd5 Bf8) 18. Nd5 $1 Bxd5 19. exd5 Ne4 $2 (19... Qc7 {keeps fighting.} 20. Bh6 gxh6 21. Qxh6 Qd8 22. Rxf6 Qf8) 20. Bf3 (20. Qe3 $142) 20... Nc3 21. Rd3 $18 Bf6 22. Qd2 Na2 23. Nf5 Rd8 24. c4 1-0

[Event "IND-ch Women 2019"]
[Site "Karaikkudi"]
[Date "2019.07.23"]
[Round "7.19"]
[White "Meenal Gupta"]
[Black "Pandey Srishti"]
[Result "1/2-1/2"]
[ECO "C92"]
[WhiteElo "2004"]
[BlackElo "1882"]
[Annotator "NA"]
[PlyCount "84"]
[EventDate "2019.07.19"]
[EventType "swiss"]
[EventCountry "IND"]
[SourceTitle "playchess.com"]
[Source "ChessBase"]
[SourceQuality "1"]
[TimeControl "40/5400+30:1800+30"]

1. e4 e5 2. Nf3 Nc6 3. Bb5 a6 4. Ba4 Nf6 5. O-O b5 6. Bb3 Be7 7. Re1 d6 8. c3 O-O 9. h3 Bb7 10. d4 Re8 11. Nbd2 exd4 {[%emt 0:00:18] C92: Closed Ruy Lopez: 9...Be6, Karpov and Flohr-Zaitsev Variations} (11... Bf8 12. a3 g6 13. Ba2 Bg7 14. b4 exd4 15. cxd4 a5 16. Rb1 axb4 17. d5 Ne5 18. Nxe5 dxe5 19. Rxb4 c6 20. dxc6 Bxc6 21. Qf3 Bf8 22. Rb1 {1-0 (33) Topalov,V (2740)-Mamedyarov,S (2790) Shamkir 2019}) 12. cxd4 Na5 13. Bc2 $1 Nd7 14. Nf1 Bf6 15. Ng3 g6 16. Bf4 Nf8 (16... c5 $11) 17. b3 c5 {[%emt 0:08:54] [#]} 18. Be3 $146 ({Better is Predecessor:} 18. d5 $14 Bxa1 19. Qxa1 {1-0 (36) Gopal,G (2575)-Narayanan,S (2459) Kolkata 2015}) 18... Nd7 ({Better is} 18... Nc6 $11) 19. Rc1 Nc6 20. Bb1 Qe7 {[%emt 0:15:22] [#]} (20... Nxd4 $11 21. Nxd4 cxd4 22. Bxd4 Nc5) 21. Qd2 ({White has to play} 21. e5 $1 $16 dxe5 22. dxc5) 21... Rac8 22. d5 Nce5 23. Nxe5 Bxe5 24. f4 Bg7 25. Re2 b4 26. Qe1 Nb6 27. Qf2 Bc3 28. Rd1 Nd7 29. Bd3 Qh4 30. Kh2 Nf6 31. Qf3 h5 32. Kg1 Nd7 33. Kh1 Qe7 34. Bd2 Bg7 $14 35. Rde1 Qd8 36. Nf1 Nf6 37. Ne3 h4 38. Nf1 Rc7 39. Bc4 Rce7 40. Qd3 Kh7 41. Qf3 Kg8 42. Qd3 Kh7 1/2-1/2

[Event "IND-ch Women 2019"]
[Site "Karaikkudi"]
[Date "2019.07.23"]
[Round "7.20"]
[White "Bindu, Saritha K."]
[Black "Sanskriti Goyal"]
[Result "0-1"]
[ECO "A48"]
[WhiteElo "1538"]
[BlackElo "1948"]
[Annotator "NA"]
[PlyCount "108"]
[EventDate "2019.07.19"]
[EventType "swiss"]
[EventCountry "IND"]
[SourceTitle "playchess.com"]
[Source "ChessBase"]
[SourceQuality "1"]
[TimeControl "40/5400+30:1800+30"]

1. d4 Nf6 2. Nf3 g6 3. Bf4 Bg7 4. e3 d6 5. h3 O-O 6. Be2 Nbd7 7. O-O Qe8 8. Bh2 e5 {[%emt 0:00:50] A48: 1 d4 Nf6 2 Nf3 g6: Torre, London and Colle Systems} 9. d5 $146 (9. a4 $14) ({Predecessor:} 9. Na3 exd4 10. exd4 Qd8 11. c4 Re8 12. Bd3 Nf8 13. Nb5 Bd7 14. Nc3 Qc8 15. Nd5 Ne6 16. Qd2 {1-0 (69) Naiditsch,A (2684)-Gupta,A (2626) Douglas 2016}) 9... e4 10. Ne1 Qe7 11. c4 Re8 12. Nc3 a6 13. Nc2 h5 14. Nd4 h4 15. Rc1 Nf8 16. b4 N6h7 17. Nb3 f5 18. c5 Be5 19. Bxe5 Qxe5 20. cxd6 cxd6 21. Na4 b5 22. Nb6 Rb8 23. Nxc8 Rexc8 24. Qd4 Qxd4 25. Nxd4 Rxc1 26. Rxc1 Nd7 27. Rc7 Nhf6 28. Nc6 Ra8 29. Bd1 Kg7 30. Bb3 Kh6 31. f3 exf3 32. gxf3 Re8 33. Kf2 Nb6 34. Ra7 Nbxd5 35. Rxa6 Rxe3 36. Nd4 Rd3 37. Nxb5 Nxb4 38. Rxd6 Nfd5 39. Bc4 Rd2+ 40. Ke1 Rb2 41. Bxd5 Nd3+ 42. Kf1 Rxb5 43. Bf7 Nf4 44. Kf2 Kg5 45. Ke3 Rb7 46. Bc4 Nxh3 47. a4 Rb4 48. Bf7 Nf4 49. Be8 Rb1 50. Rd2 Re1+ 51. Kf2 Rxe8 52. Ra2 h3 53. a5 h2 54. Ra1 Re2+ 0-1

[Event "IND-ch Women 2019"]
[Site "Karaikkudi"]
[Date "2019.07.23"]
[Round "7.21"]
[White "Dhyana Patel"]
[Black "Abhirami Madabushi"]
[Result "0-1"]
[ECO "B52"]
[WhiteElo "1900"]
[BlackElo "1689"]
[Annotator "NA RC"]
[PlyCount "138"]
[EventDate "2019.07.19"]
[EventType "swiss"]
[EventCountry "IND"]
[SourceTitle "playchess.com"]
[Source "ChessBase"]
[SourceQuality "1"]
[TimeControl "40/5400+30:1800+30"]

1. e4 c5 2. Nf3 d6 3. Bb5+ Bd7 4. Bxd7+ Nxd7 5. O-O Ngf6 6. Nc3 g6 {[%emt 0:00:14] B52: Sicilian: Moscow Variation with 3...Bd7} 7. d4 (7. d3 Bg7 8. h3 O-O 9. Be3 a6 10. Qd2 b5 11. Bh6 Rc8 12. Bxg7 Kxg7 13. Rae1 e6 14. Nd1 {1-0 (30) Delgado Ramirez,N (2615)-Perez Gormaz,M (2431) Antofagasta 2017}) 7... cxd4 8. Qxd4 Bg7 9. Bg5 O-O 10. Qd2 Rc8 11. Rfe1 Nb6 $146 ({Predecessor:} 11... Ng4 12. Nd5 Re8 13. Rad1 Nb6 14. c3 Nc4 15. Qe2 {0-1 (72) Sliwicki,D (2073)-Eggink,R (2162) Olsztyn 2013}) 12. Rad1 Nc4 13. Qc1 Qb6 14. Bxf6 Bxf6 15. Nd5 Qxb2 16. Qxb2 Nxb2 17. Nxf6+ exf6 18. Rb1 Rxc2 19. Nd4 Rc4 20. Nb5 Nd3 21. Red1 Nc5 22. Nxd6 Ra4 23. f3 b6 24. Rd2 Ne6 25. Nb5 Rd8 26. Rxd8+ Nxd8 27. Nc3 Ra3 28. Rb3 Rxb3 29. axb3 Nc6 30. Kf2 Nd4 31. b4 f5 32. exf5 Nxf5 33. Ke2 Kf8 34. f4 Ke7 35. Kd3 Kd7 36. Ke4 Kc6 37. Ke5 Ne3 38. g3 Ng4+ 39. Kd4 Nxh2 40. b5+ Kb7 41. Ne4 f5 42. Ng5 h6 43. Nf7 Nf1 44. Nxh6 Nxg3 45. Nf7 Ne4 46. Ne5 g5 47. fxg5 Nxg5 48. Nc4 Nf7 $2 (48... f4 $19 {and Black stays clearly on top.} 49. Kc3 Kc7) 49. Ke3 $2 (49. Kd5 $17) 49... Kc7 50. Kf4 Nd6 51. Na3 Kd7 52. Ke5 {[%emt 0:00:30] [#]} f4 $1 53. Kxf4 Ke6 54. Nc2 Kd5 55. Nb4+ {[%emt 0:00:30] [#]} Kc4 $1 56. Nc6 Nxb5 57. Ke3 a5 58. Kd2 Kb3 59. Kc1 Nc3 60. Nd4+ Kc4 61. Nc6 a4 62. Kb2 b5 63. Ne5+ Kd5 64. Nd3 Kd4 65. Ne1 Nd1+ 66. Kc2 Ne3+ 67. Kb2 b4 68. Nf3+ Kc5 69. Ne5 Nc4+ 0-1

[Event "IND-ch Women 2019"]
[Site "Karaikkudi"]
[Date "2019.07.24"]
[Round "8.8"]
[White "Potluri Saye Srreezza"]
[Black "Priyanka, Kumari"]
[Result "0-1"]
[ECO "E60"]
[WhiteElo "1999"]
[BlackElo "1991"]
[Annotator "NA RC"]
[PlyCount "84"]
[EventDate "2019.07.19"]
[EventType "swiss"]
[EventCountry "IND"]
[SourceTitle "playchess.com"]
[Source "ChessBase"]
[SourceQuality "1"]
[TimeControl "40/5400+30:1800+30"]

1. Nf3 Nf6 2. d4 g6 3. c4 Bg7 4. g3 d6 5. Bg2 O-O 6. O-O Nbd7 7. Qc2 e5 8. dxe5 dxe5 9. Rd1 Qe7 10. e4 Nc5 11. Nc3 c6 12. h3 Re8 13. Be3 h6 14. b4 Ne6 15. c5 Qc7 16. Na4 Nd7 17. Nb2 b5 18. a4 Rb8 19. a5 Ba6 20. h4 Nf6 21. Bh3 Bc8 22. Rd6 Nd4 23. Bxd4 exd4 24. Bxc8 Qxc8 25. Re1 Qg4 26. Nh2 Qh3 27. Rxc6 Nd5 28. Nd3 Nc3 29. Nf4 Qd7 30. Rd6 Qb7 31. Nd5 Be5 32. Nxc3 Bxd6 33. Nd5 Be5 34. Ng4 Qc6 35. Qd2 Bg7 36. Nxh6+ Bxh6 37. Qxh6 Rbd8 38. Qd2 Re6 39. Kh2 f5 40. f3 fxe4 41. fxe4 Qb7 42. Qxd4 Rxd5 0-1

[Event "IND-ch Women 2019"]
[Site "Karaikkudi"]
[Date "2019.07.24"]
[Round "8.14"]
[White "Abhirami Madabushi"]
[Black "Varshini, V."]
[Result "0-1"]
[ECO "B90"]
[WhiteElo "1689"]
[BlackElo "2087"]
[Annotator "NA RC"]
[PlyCount "104"]
[EventDate "2019.07.19"]
[EventType "swiss"]
[EventCountry "IND"]
[SourceTitle "playchess.com"]
[Source "ChessBase"]
[SourceQuality "1"]
[TimeControl "40/5400+30:1800+30"]

1. e4 c5 2. Nf3 d6 3. d4 cxd4 4. Nxd4 Nf6 5. Nc3 a6 6. f3 e5 7. Nb3 Be7 8. Be3 O-O 9. Qd2 Be6 10. g4 Nbd7 11. O-O-O b5 12. g5 Nh5 13. Kb1 Nb6 14. Nd5 Bxd5 15. exd5 f5 16. gxf6 Nxf6 17. Bxb6 Qxb6 18. Na5 e4 19. Nc6 Rae8 20. Bh3 exf3 21. Rde1 Bd8 22. Be6+ Kh8 23. Rhf1 Ng8 24. Nxd8 Qxd8 25. Re3 Qg5 26. Qf2 Rf6 27. Rxf3 Ref8 28. Rxf6 Rxf6 29. Qg1 Qxg1 30. Rxg1 Ne7 31. b3 g6 32. Rg3 b4 33. Rg4 a5 34. Rc4 Rf1+ 35. Kb2 Rd1 36. Rc6 Nxd5 37. Rxd6 Nc3 38. Rxd1 Nxd1+ 39. Kc1 Nc3 40. Kb2 Kg7 41. a3 Kf6 42. Bg8 h5 43. axb4 axb4 44. Kc1 g5 45. Kd2 Ke5 46. Bf7 h4 47. h3 g4 48. Ke3 gxh3 49. Kf3 Ne4 50. Be8 Ng3 51. Kg4 h2 52. Bc6 Ne4 0-1

[Event "IND-ch Women 2019"]
[Site "Karaikkudi"]
[Date "2019.07.24"]
[Round "8.18"]
[White "Smaraki, Mohanty"]
[Black "Saranya, J."]
[Result "0-1"]
[ECO "E68"]
[WhiteElo "1773"]
[BlackElo "2067"]
[Annotator "NA RC"]
[PlyCount "43"]
[EventDate "2019.07.19"]
[EventType "swiss"]
[EventCountry "IND"]
[SourceTitle "playchess.com"]
[Source "ChessBase"]
[SourceQuality "1"]
[TimeControl "40/5400+30:1800+30"]

1. c4 Nf6 2. Nc3 g6 3. e4 d6 4. d4 Bg7 5. g3 O-O 6. Bg2 Nbd7 7. Nge2 e5 8. O-O exd4 9. Nxd4 Re8 10. Re1 a6 11. b3 c5 12. Nde2 Ne5 13. f4 Nc6 14. h3 Nxe4 15. Bxe4 Rxe4 16. Nxe4 Bxa1 17. Nxd6 Bxh3 18. Be3 Bd4 19. Bxd4 cxd4 20. Ne4 Bf5 21. Nf2 h5 22. Qd2 0-1